AoeStats
← Joaquito

Arena

505448050Analyzed
4v4 RM · 22d ago on Sep 9, 2026· 32m 12s· 8 players
Game mode
Random Map
Map size
Large (8 player)
Population
200
Speed
Normal
Resources
Standard
Victory
Conquest
Starting age
Dark Age
Ending age
Imperial Age
RankedLock teamsTeams togetherTeam positionsShared explorationLock speedFull tech treeHidden civsTurbo modeCheats
Victory
Defeat
🇦🇷 Burmese · Argentina
1072
+13
🇨🇱 Wu · Chile
1049
+14
🇨🇱 Khitans · Chile
974
+17
🇨🇱 Cumans · Chile
958
+19
🇮🇩 Slavs · Indonesia
1024
-16
🇨🇭 Vietnamese · Switzerland
1005
-16
🇪🇸 Spanish · Spain
1004
-16
🇯🇴 Malay · Jordan
1000
-45
datomasra
9:26 Loom
11:12 Feudal Age
17:22 Castle Age
15:50 Stone Mining
21:19 Stone Shaft Mining
20:38 Fletching
26:09 Gold Mining
bene_solar
9:41 Feudal Age
15:07 Castle Age
23:32 Man-at-Arms
Oss
2:53 Loom
10:46 Feudal Age
14:58 Castle Age
13:23 Double-Bit Axe
13:56 Horse Collar
25:35 Pikeman
28:47 Forging
29:38 Fletching
30:04 Man-at-Arms
31:19 Long Swordsman
ELVizay
0:28 Loom
11:06 Feudal Age
17:22 Castle Age
15:31 Double-Bit Axe
17:24 Horse Collar
18:14 Bow Saw
23:37 Pikeman
Joaquito
11:21 Feudal Age
13:09 Loom
15:44 Castle Age
18:07 Horse Collar
22:43 Forging
22:34 Scale Mail Armor
26:02 Wheelbarrow
28:43 Stone Mining
28:45 Gold Mining
32:07 Imperial Age
31:30 Chain Mail Armor
31:59 Arson
32:16 Squires
32:42 Hand Cart
32:18 Loom
cacadecaca38
10:55 Feudal Age
11:16 Man-at-Arms
25:25 Gold Mining
28:18 Castle Age
28:19 Capped Ram
28:53 Long Swordsman
29:24 Arson
29:41 Squires
30:46 Double-Bit Axe
32:19 Horse Collar
Drookns
9:23 Loom
11:19 Feudal Age
15:00 Castle Age
13:22 Double-Bit Axe
13:55 Domestication
18:01 Scale Mail Armor
18:40 Bow Saw
24:36 Lamellar Armor
24:46 Forging
25:10 Loom
26:01 Wheelbarrow
27:40 Chain Mail Armor
28:01 Iron Casting
31:30 Hand Cart
Federati
8:31 Loom
10:16 Feudal Age
14:50 Castle Age
12:56 Horse Collar
15:59 Heavy Plow
18:31 Scale Barding Armor
25:18 Chain Barding Armor
Connection lost

Rejoining the realm…

Still unreachable

The connection could not be restored.

Session expired

The server has moved on; the page needs a fresh start.